 Dungeon Crawl Stone Soup version 0.27-a0-808-g60bc5d92e6 (webtiles) character file.

Game seed: 11145129278716809654

44 dolemite99 the Chopper (level 3, 0/31 HPs)
             Began as a Minotaur Fighter on Mar 29, 2021.
             Killed from afar by Sigmund (5 damage)
             ... with a puff of flame
             ... on level 2 of the Dungeon.
             The game lasted 00:02:03 (1767 turns).

dolemite99 the Chopper (Minotaur Fighter)           Turns: 1767, Time: 00:02:04

Health: 0/31       AC:  6    Str: 21 (23) XL:     3   Next: 41%
Magic:  2/2        EV:  7    Int:  2 (5)  God:
Gold:   34         SH:  0    Dex:  6 (9)  Spells: 2/2 levels left

rFire    . . .     SeeInvis .   a - +0 war axe
rCold    + . .     Faith    .   c - +0 kite shield
rNeg     . . .     Spirit   .   b - +0 scale mail
rPois    .         Reflect  .   (helmet restricted)
rElec    .         Harm     .   (no cloak)
rCorr    .         Rampage  .   (no gloves)
Will     .....                  (no boots)
Stlth    ..........             (no amulet)
HPRegen  1.10/turn              (no ring)
MPRegen  0.08/turn              (no ring)

@: confused, mighty
A: horns 2, retaliatory headbutt, cold resistance 1, regeneration 1, strong 1
a: no special abilities


You were on level 2 of the Dungeon.
You visited 1 branch of the dungeon, and saw 2 of its levels.

You collected 34 gold pieces.

Inventory:

Hand Weapons
 a - a +0 war axe (weapon)
Armour
 b - a +0 scale mail (worn)
 c - a +0 kite shield (worn)
Magical Staves
 f - a staff of earth
Jewellery
 i - a ring of poison resistance
Scrolls
 g - a scroll of amnesia {unknown}
 j - 2 scrolls of teleportation {unknown}
 k - a scroll of summoning {unknown}


   Skills:
 - Level 3.6 Fighting
 + Level 4.7 Axes
 - Level 3.6 Armour
 - Level 3.6 Shields


You had 2 spell levels left.
You didn't know any spells.
Your spell library was empty.

Dungeon Overview and Level Annotations

Branches:
Dungeon (2/15)

Altars:

Shops:
D:1 *

Annotations:
D:2 Sigmund


Innate Abilities, Weirdness & Mutations

You have a pair of horns on your head.
You reflexively headbutt those who attack you in melee.
Your flesh is cold resistant. (rC+)
Your natural rate of healing is unusually fast.
Your muscles are strong. (Str +2)


Message History

Sigmund points at you and mumbles some strange words.
You resist with significant effort.
You feel less confused.
Sigmund hits you from afar with a +0 scythe!
You block Sigmund's attack. x2
There is an escape hatch in the ceiling here.
You feel very mighty all of a sudden. You block Sigmund's attack.
Sigmund hits you with a +0 scythe. Sigmund hits you but does no damage.
You barely miss Sigmund. Sigmund hits you with a +0 scythe. x2
You hit Sigmund but do no damage. Sigmund hits you but does no damage. x2
You hit Sigmund.
Sigmund is moderately wounded.
Sigmund closely misses you. You furiously retaliate!
You headbutt Sigmund. Sigmund hits you with a +0 scythe!
* * * LOW HITPOINT WARNING * * *
Sigmund barely misses you.
You hit Sigmund.
Sigmund is severely wounded.
Sigmund hits you but does no damage. You block Sigmund's attack.
It was a potion of degeneration.
There was something very wrong with that liquid.
You feel weakened.
You feel dopey.
You feel clumsy. Sigmund barely misses you.
It was a potion of mutation.
You feel extremely strange.
You begin to heal more quickly.
You feel stronger.
You feel resistant to cold. Sigmund hits you with a +0 scythe.
* * * LOW HITPOINT WARNING * * *
Sigmund hits you with a +0 scythe.
* * * LOW HITPOINT WARNING * * *
It was a potion of magic.
Magic courses through your body. You block Sigmund's attack.
You slash Sigmund!
Sigmund is almost dead.
Sigmund casts a spell at you.
You are confused.
Sigmund barely misses you. Sigmund casts a spell at you.
The puff of flame hits you.
You die...

########+#
.........#########
####.............###
####.#######)......#
....<#......†......# #
.#.......##........#.#####
#........+.....<.........
##......##.....@.########
##..#......###@......#
#..#.####.....#####.#
..>..(..........
###.#..#.#...#... #.#
.#.#.#.#.### #.#'#.# . .
... . . ..#


You could see Sigmund (fast).

Vanquished Creatures
  4 dart slugs (D:1)
  A ball python (D:1)
  6 bats
  4 endoplasms (D:1)
  A giant cockroach (D:1)
  4 goblins (D:1)
  A hobgoblin (D:1)
  3 jackals (D:1)
  2 kobolds
  2 quokkas
  3 frilled lizards (D:1)
  2 rats (D:1)
33 creatures vanquished.

Notes
Turn   | Place    | Note
-------+----------+-------------------------------------------
     0 | D:1      | dolemite99 the Minotaur Fighter began the quest for the
                  | Orb.
     0 | D:1      | Reached XP level 1. HP: 19/19 MP: 0/0
   147 | D:1      | Reached skill level 3 in Axes
   264 | D:1      | Reached XP level 2. HP: 18/26 MP: 1/1
   968 | D:1      | Reached skill level 4 in Axes
  1203 | D:1      | Reached XP level 3. HP: 31/31 MP: 2/2
  1423 | D:1      | Found Yvolawk's General Store.
  1748 | D:2      | Noticed Sigmund
  1765 | D:2      | Gained mutation: Your natural rate of healing is unusually
                  | fast. [potion of mutation]
  1765 | D:2      | Gained mutation: Your muscles are strong. (Str +2) [potion
                  | of mutation]
  1765 | D:2      | Gained mutation: Your flesh is cold resistant. (rC+)
                  | [potion of mutation]
  1767 | D:2      | Killed from afar by Sigmund

Illustrated notes

Levels and vault maps discovered:
D:1:      dpeg_arrival_morbid_curiosity, layout_loops_corners, serial_shops,
          nicolae_shop_behind_doors
D:2:      layout_basic, uniq_robin, uniq_sigmund

Skill      XL: |  1  2 |
---------------+-------+-----
Axes           | 3 4 |  4.7
Fighting       | |  3.6
Armour         | |  3.6
Shields        | |  3.6

Action                   || total
-------------------------++-------
Melee: War axe           ||    93
       Headbutt          ||    10
  Use: Potion            ||     4
Armor: Scale mail        ||    45
Dodge: Dodged            ||    25
Block: Kite shield       ||    51

Table legend: (Time is in decaauts)
 A = Elapsed time spent in this place.
 B = Non-inter-level travel time spent in this place.
 C = Inter-level travel time spent in this place.
 D = Time resting spent in this place.
 E = Time spent auto-exploring this place.
 F = Levels seen in this place.
 G = Mean time per level.
                   A        B        C        D        E       F      G
               +--------+--------+--------+--------+--------+-----+--------+
         Total |   1816 |   1790 |     26 |    299 |   1153 |   2 |  908.0 |
       Dungeon |   1816 |   1790 |     26 |    299 |   1153 |   2 |  908.0 |
               +--------+--------+--------+--------+--------+-----+--------+

Top non-repeatable levels by time:
     D:1: 1747 daAuts
     D:2: 68 daAuts
